 Dungeon Crawl Stone Soup version 0.28.0-43-g3370ac3207 (webtiles) character file.

Game seed: 6611545159821136157

1604 Lett1 the Skirmisher (level 9, -10/68 HPs)
             Began as a Djinni Cinder Acolyte on Mar 8, 2022.
             Was an Initiate of Makhleb.
             Mangled by a fire elemental (12 damage)
             ... created by the fiery vengeance of Ignis
             ... on level 6 of the Dungeon.
             The game lasted 00:22:31 (7174 turns).

Lett1 the Skirmisher (Djinni Cinder Acolyte)        Turns: 7174, Time: 00:22:33

Health: -10/68     AC:  6    Str: 15    XL:     9   Next: 16%
Gold:   217        EV: 12    Int: 18    God:    Makhleb [......] SH:  0 Dex:  9

rFire   . . .      SeeInvis .   a - -1 falchion (flame)
rCold   x . .      Faith    .   (no shield)
rNeg    . . .      Spirit   .   b - +0 robe
rPois   ∞          Reflect  .   (no helmet)
rElec   .          Harm     .   (no cloak)
rCorr   .          Rampage  .   (no gloves)
Will    .....                   (boots unavailable)
Stlth   +.........              (no amulet)
HPRegen 0.21/turn               e - +4 ring of protection
MPRegen 0.00/turn               (no ring)

@: flying, fire susceptible
A: sickness immunity, fire resistance 2, cold vulnerability 1, float, innate
caster, HP casting, extra vitality 1
a: Renounce Religion


You were on level 6 of the Dungeon.
You worshipped Makhleb.
Makhleb was noncommittal.
You visited 2 branches of the dungeon, and saw 7 of its levels.

You collected 292 gold pieces.
You spent 75 gold pieces at shops.

Inventory:

Hand Weapons
 a - a -1 falchion of flaming (weapon)
 p - a +2 vampiric whip
Armour
 b - a +0 robe (worn)
Jewellery
 e - a +4 ring of protection (left hand)
 o - a ring of protection from cold
Scrolls
 f - a scroll of brand weapon {unknown}
 i - a scroll of holy word {unknown}
 k - a scroll of noise
 l - 2 scrolls of enchant weapon {unknown}
 m - 2 scrolls of teleportation {unknown}
 q - a scroll of blinking {unknown}
 s - a scroll of identify
Potions
 d - 2 potions of degeneration
 g - a potion of curing
 h - 2 potions of ambrosia
 j - a potion of flight
 n - 2 potions of resistance {unknown}
 t - a potion of haste


   Skills:
 * Level 7.1 Fighting
 + Level 4.9 Long Blades
 + Level 4.0 Dodging
 * Level 5.4 Spellcasting
 * Level 0.7 Invocations


You had 7 spell levels left.
You knew the following spells:

 Your Spells              Type           Power      Damage    Failure   Level
a - Scorch                Fire           48%        2d7       1%          2
b - Magic Dart            Conj           96%        1d7       1%          1
c - Corpse Rot            Necr/Air       48%        N/A       1%          2
d - Gell's Gravitas       Tloc           24%        N/A       4%          3
e - Ignite Poison         Fire/Tmut/Pois 24%        N/A       4%          3
Your spell library was empty.

Dungeon Overview and Level Annotations

Branches:
Dungeon (6/15)             Temple (1/1) D:5

Altars:
Cheibriados
Dithmenos
Elyvilon
Fedhas
Gozag
Hepliaklqana
Kikubaaqudgha
Makhleb
Nemelex Xobeh
Okawaru
Qazlal
Ru
Sif Muna
Trog
Uskayaw
Vehumet
Xom
Yredelemnul
Zin
The Shining One

Shops:
D:6 !

Annotations:
D:4 3 runed translucent doors, kthxbai's ghost, amateur OpEE


Innate Abilities, Weirdness & Mutations

You are immune to sickness and miasma.
You are immune to poison.
Your flesh is very heat resistant. (rF++)
You are vulnerable to cold. (rC-)
You float through the air rather than walking.
You learn spells naturally, not from books.
Your magical power is your life essence.
You have superior vitality. (+4 MHP)


Message History

Makhleb accepts your kill.
The fire elemental completely misses you. x2
Your Dodging skill increases to level 4!
You see here a scorpion corpse.
The fire elemental barely misses you. The fire elemental hits you.
The fire elemental burns you! The fire elemental misses you.
The fire elemental barely misses you.
You see here a scroll of identify.
The fire elemental hits you. The fire elemental burns you!
The fire elemental hits you. The fire elemental burns you!
A water moccasin skeleton comes into view.
Found 7 gold pieces.
The fire elemental misses you. The fire elemental hits you.
The fire elemental burns you!
* * * LOW HITPOINT WARNING * * *
You feel much better. The fire elemental hits you.
The fire elemental burns you! The fire elemental hits you.
The fire elemental burns you!
You feel better.
The water moccasin skeleton is engulfed in blazing flames.
The fire elemental hits you. The fire elemental burns you!
The fire elemental completely misses you.
The water moccasin skeleton is engulfed in blazing flames.
Okay, then.
As you read the scroll of fog, it crumbles to dust.
The scroll dissolves into smoke.
The fire elemental closely misses you. The fire elemental hits you.
The fire elemental burns you!
* * * LOW HITPOINT WARNING * * *
The water moccasin skeleton is engulfed in blazing flames.
The fire elemental closely misses you. The fire elemental barely misses you.
The fire elemental barely misses you.
The fire elemental completely misses you.
As you read the scroll labelled GETZERPH GA FADWA, it crumbles to dust.
You hear a loud clanging noise!
It was a scroll of noise.
The fire elemental hits you. The fire elemental burns you!
* * * LOW HITPOINT WARNING * * *
The fire elemental hits you. The fire elemental burns you!
You die...

.. .# # ## ###.
#... ###
##.########...
#.##........#...##
#.##.#.#.#........
##@##.......##...##
#EE##.#.#.#.#....#
#§§##.......#...##
#§§##.#.#.#....## #
#§§##.........##
... #Z.§..###..†.##
.#.#.#...##.....###
#.........##.#.°.#
#$#.#...#.#..#○○##


You could see 2 fire elementals.

Vanquished Creatures
  Menkaure (D:4)
  2 ogres
  A necrophage (D:4)
  2 phantoms
  3 scorpions
  A water moccasin skeleton (D:4)
  A bullfrog zombie (D:6)
  A jelly (D:5)
  3 centaur skeletons
  A centaur zombie (D:6)
  2 bullfrog skeletons
  2 hounds
  An orc priest (D:6)
  Terence (D:2)
  5 iguanas
  2 scorpion zombies (D:5)
  Natasha (twice) (D:2)
  2 orc wizards (D:6)
  A mummy (D:5)
  2 gnolls (D:5)
  9 adders
  A white imp (D:4)
  An ufetubus (D:4)
  A worm (D:3)
  2 dart slugs (D:2)
  13 orcs
  11 ball pythons
  4 endoplasms
  8 giant cockroaches
  7 goblins
  7 hobgoblins
  8 jackals
  4 kobolds
  3 quokkas
  3 bats
  3 frilled lizards
  5 rats
126 creatures vanquished.

Vanquished Creatures (others)
  A water moccasin skeleton (D:6)
  A demonic plant (D:2)
  86 foxfires
88 creatures vanquished.

Grand Total: 214 creatures vanquished

Notes
Turn   | Place    | Note
-------+----------+-------------------------------------------
     0 | D:1      | Lett1 the Djinni Cinder Acolyte began the quest for the
                  | Orb.
     0 | D:1      | Reached XP level 1. HP: 20/20 MP: 0/0
   266 | D:1      | Reached XP level 2. HP: 25/25 MP: 0/0
   788 | D:1      | Reached XP level 3. HP: 28/30 MP: 0/0
   788 | D:1      | Learned a level 1 spell: Magic Dart
  1207 | D:2      | Noticed Terence
  1215 | D:2      | Killed Terence
  1216 | D:2      | Reached XP level 4. HP: 19/37 MP: 0/0
  1434 | D:2      | Reached skill level 4 in Fighting
  1511 | D:2      | Noticed Natasha
  1518 | D:2      | Killed Natasha
  1519 | D:2      | Reached XP level 5. HP: 24/41 MP: 0/0
  1519 | D:2      | Learned a level 2 spell: Corpse Rot
  1684 | D:2      | Found a faded altar of an unknown god.
  1684 | D:2      | Noticed a green death
  1878 | D:2      | Noticed Natasha
  1885 | D:2      | Killed Natasha
  2860 | D:4      | Reached XP level 6. HP: 37/48 MP: 0/0
  2958 | D:4      | Found a runed translucent gate.
  2958 | D:4      | Found a runed translucent gate.
  2958 | D:4      | Found a runed translucent gate.
  2976 | D:4      | Reached skill level 1 in Dodging
  3440 | D:4      | Noticed Menkaure
  3455 | D:4      | Killed Menkaure
  3456 | D:4      | Reached skill level 5 in Fighting
  3456 | D:4      | Reached XP level 7. HP: 50/54 MP: 0/0
  3456 | D:4      | Learned a level 3 spell: Gell's Gravitas
  4801 | D:4      | Noticed kthxbai's ghost (amateur OpEE)
  4849 | D:5      | Entered Level 5 of the Dungeon
  4867 | D:5      | Reached XP level 8. HP: 59/61 MP: 0/0
  5175 | D:5      | Found a snail-covered altar of Cheibriados.
  5255 | D:5      | Reached skill level 6 in Fighting
  5856 | D:5      | Found a staircase to the Ecumenical Temple.
  6129 | D:6      | Found Roduol's Distillery.
  6165 | D:6      | Bought a potion of heal wounds for 75 gold pieces
  6173 | D:6      | Reached skill level 5 in Spellcasting
  6558 | D:6      | Reached XP level 9. HP: 51/67 MP: 0/0
  6558 | D:6      | Learned a level 3 spell: Ignite Poison
  6630 | D:6      | Reached skill level 7 in Fighting
  6746 | Temple   | Entered the Ecumenical Temple
  6878 | Temple   | Fell from the grace of Ignis
  6878 | Temple   | Became a worshipper of Makhleb the Destroyer
  7174 | D:6      | HP: 2/68 [fire elemental[the fiery vengeance of Ignis]
                  | (11)]
  7174 | D:6      | Mangled by a fire elemental

Illustrated notes

Levels and vault maps discovered:
D:1:      lightli_arrival_isolated_outpost, layout_rooms
D:2:      layout_rooms, dreamdust_ecumenical_altar_sealed_demon, uniq_natasha,
          uniq_terence
D:3:      layout_basic, amcnicky_mini_rare_corridor_liquid
D:4:      minmay_clustersquares, layout_loops_ring, gammafunk_ghost_icy,
          uniq_menkaure
D:5:      layout_rooms, chei_slow_surprise, minmay_temple_entry_wispy,
          hangedman_minor_gate_pass
D:6:      layout_rooms, serial_glass, glass_columns_a, glass_columns_b,
          serial_shops, shop
Temple:   mainiacjoe_temple_bowtie_tessellation

Skill      XL: |  1  2  3  4  5  6  7  8  9 |
---------------+----------------------------+-----
Long Blades    | 3 4 |  4.9
Fighting       | 4 5 6 7 |  7.1
Spellcasting   | 3 4 5 |  5.4
Dodging        | 1 2 3 4 |  4.0
Invocations    | |  0.7

Action                   |  1- 3 |  4- 6 |  7- 9 || total
-------------------------+-------+-------+-------++-------
Melee: Falchion          |    98 |    67 |   139 ||   304
       Punch             |     2 |       |     3 ||     5
       Whip              |       |       |    10 ||    10
 Cast: Scorch            |     3 |    11 |    34 ||    48
       Magic Dart        |       |    62 |    89 ||   151
       Corpse Rot        |       |       |     1 ||     1
Invok: Foxfire Swarm     |     1 |     3 |     3 ||     7
       Fiery Armour      |       |     1 |     1 ||     2
       Rising Flame      |       |       |     1 ||     1
  Use: Scroll            |       |     4 |     3 ||     7
       Potion            |       |       |     2 ||     2
Armor: Robe              |    24 |    26 |    62 ||   112
Dodge: Dodged            |    57 |    42 |   124 ||   223
